 Dungeon Crawl Stone Soup version 0.29-a0-834-g1e95ca9f62 (webtiles) character file.

Game seed: 2740433118039399580

3119 ytrimaz the Cleaver (level 9, -1/94 HPs)
             Began as a Demonspawn Berserker on July 13, 2022.
             Was a Priest of Trog.
             Slain by Grum
             ... wielding a +1 spear
              (17 damage)
             ... on level 8 of the Dungeon.
             The game lasted 00:10:26 (8601 turns).

ytrimaz the Cleaver (Demonspawn Berserker)          Turns: 8601, Time: 00:10:27

Health: -1/94      AC: 12    Str: 29    XL:     9   Next: 60%
Magic:  9/9        EV:  7    Int: 10    God:    Trog [***...]
Gold:   103        SH:  0    Dex:  8    Spells: 8/8 levels left

rFire   + . .      SeeInvis .   a - +1 hand axe (venom)
rCold   + + +      Faith    .   (no shield)
rNeg    . . .      Spirit   .   n - +1 plate armour
rPois   .          Reflect  .   (helmet restricted)
rElec   .          Harm     .   (no cloak)
rCorr   +          Rampage  .   h - +0 pair of gloves
Will    ++...                   (no boots)
Stlth   ..........              m - amulet of the acrobat
HPRegen 1.25/turn               l - ring "Zoeselit" {*Slow rF+ rC+++ Str+8 Dex-4}
MPRegen 0.22/turn               x - ring of resist corrosion

@: berserking, strong-willed, regenerating, very quick
A: horns 2, demonic guardian 2, magic regeneration
a: Renounce Religion, Berserk, Trog's Hand


You were on level 8 of the Dungeon.
You worshipped Trog.
Trog was most pleased with you.
You visited 1 branch of the dungeon, and saw 8 of its levels.
You also visited: Sewer.

You collected 312 gold pieces.
You spent 209 gold pieces at shops.

Inventory:

Hand Weapons
 a - a +1 hand axe of venom (weapon)
Armour
 h - a +0 pair of gloves (worn)
 n - a +1 plate armour (worn)
 p - a +2 ring mail of poison resistance
Jewellery
 b - an amulet of reflection
 k - a ring of magical power
 l - the ring "Zoeselit" (left hand) {*Slow rF+ rC+++ Str+8 Dex-4}
   (You bought it in a shop on level 4 of the Dungeon)

   [ring of protection from fire]

   Str:       It affects your strength (+8).
   Dex:       It affects your dexterity (-4).
   rF:        It protects you from fire.
   rC:        It renders you almost immune to cold.
   *Slow:     It may slow you when you take damage.
 m - an amulet of the acrobat (around neck)
 x - a ring of resist corrosion (right hand)
Wands
 d - a wand of flame (26)
 t - a wand of digging (7)
 u - a wand of acid (5)
Scrolls
 c - a scroll of amnesia
 e - 3 scrolls of teleportation
 i - 3 scrolls of vulnerability
 r - 2 scrolls of identify
 y - 2 scrolls of enchant weapon
 z - 2 scrolls of fog
Potions
 f - 7 potions of curing
 g - a potion of magic
 j - a potion of lignification
 o - a potion of might
 q - a potion of resistance
 s - a potion of flight
 v - a potion of heal wounds
 w - a potion of ambrosia


   Skills:
 - Level 3.0 Fighting
 + Level 12.5 Axes
 - Level 1.7 Armour
 - Level 1.7 Dodging
 - Level 1.4 Shields


You had 8 spell levels left.
You didn't know any spells.
Your spell library was empty.

Dungeon Overview and Level Annotations

Branches:
Dungeon (8/15)             Temple (0/1) D:5           Sewer (visited)
   Lair: D:8-11

Altars:
Dithmenos
Fedhas
Gozag
Uskayaw
Vehumet

Shops:
D:4 *   D:6 ?

Annotations:
D:8 Grum


Innate Abilities, Weirdness & Mutations

You have a pair of horns on your head.
A demonic guardian rushes to your aid.
You regenerate magic rapidly.


Message History

Something hits you but does no damage.
You closely miss something. Your headbutt misses something. Something hits you.
Something shocks you.
You hit something. Your headbutt misses something. You hit something.
Trog accepts your kill.
Reactivating autopickup.
You feel a bit more experienced.
Unknown command.
Grum the Hunter comes into view.
He is wielding a +1 spear.
Grum growls angrily.
Unknown command.
The wolf bites your rust devil but does no damage.
Your rust devil hits the wolf.
Your rust devil corrodes the wolf!
You swap places.
A wolf comes into view.
Found a hand axe.
The wolf howls!
The wolf misses you.
Grum shouts, "Spot!
Good boy!"
The wolf misses you.
You slash the wolf!
The wolf is poisoned.
You headbutt the wolf.
The wolf is severely wounded.
A wolf comes into view.
The wolf barely misses you.
Grum hits you from afar with a +1 spear!
Your skin crawls.
You feel strong-willed.
The wolf howls!
The wolf bites you. Grum barely misses you. The wolf bites you.
The wolf barely misses you. The wolf bites you. Grum hits you with a +1 spear.
* * * LOW HITPOINT WARNING * * *
A red film seems to cover your vision as you go berserk!
You feel yourself moving faster!
You feel mighty! The wolf bites you!
* * * LOW HITPOINT WARNING * * *
The wolf bites you.
* * * LOW HITPOINT WARNING * * *
Your rust devil misses the wolf.
The wolf bites you but does no damage. x2
Grum hits you with a +1 spear!
You die...

### ############. #.#
##...4hh....). #.#
##$..##@g......
####.#####..#.##.h......
.$......................
###....†.....##........
#.<...###..####........
#.....# ..## #........
#.......### #........
#......### #........
.......#


You could see Grum, 3 wolves and a friendly rust devil (summoned).

Vanquished Creatures
  Pikel (D:5)
  Grinder (D:3)
  A steam dragon (D:7)
  An acid dragon (D:8)
  Edmund (D:4)
  2 water moccasins
  2 sky beasts
  An ogre (D:6)
  A black bear (D:5)
  2 centaurs
  2 lemures (D:5)
  2 phantoms (D:5)
  A kobold brigand (D:6)
  A bullfrog (D:6)
  A necrophage (D:5)
  Blork the orc (D:5)
  2 scorpions
  3 jellies
  3 hounds
  3 orc priests
  Ijyb (D:5)
  3 iguanas
  7 orc wizards
  10 adders
  3 river rats
  A shadow imp (D:6)
  3 white imps
  4 dart slugs
  3 worms
  32 orcs
  8 ball pythons
  5 endoplasms
  2 giant cockroaches
  3 goblins
  7 hobgoblins
  5 jackals (D:4)
  2 quokkas
  3 bats
  5 frilled lizards
  8 kobolds
  13 rats
160 creatures vanquished.

Vanquished Creatures (collateral kills)
  A river rat (D:5)
  4 orcs (D:4)
  A giant cockroach (D:5)
6 creatures vanquished.

Vanquished Creatures (others)
  A plant (D:3)
1 creature vanquished.

Grand Total: 167 creatures vanquished

Notes
Turn   | Place    | Note
-------+----------+-------------------------------------------
     0 | D:1      | ytrimaz the Demonspawn Berserker began the quest for the
                  | Orb.
     0 | D:1      | Reached XP level 1. HP: 18/18 MP: 1/1
   293 | D:1      | Reached skill level 3 in Axes
   450 | D:1      | Gained mutation: You have a pair of small horns on your
                  | head. [demonic ancestry]
   450 | D:1      | Reached XP level 2. HP: 16/24 MP: 2/2
  1521 | D:2      | Reached XP level 3. HP: 20/29 MP: 3/3
  1629 | D:2      | Reached skill level 4 in Axes
  2096 | D:2      | Found a faded altar of an unknown god.
  2704 | D:3      | Reached XP level 4. HP: 34/35 MP: 4/4
  3028 | D:3      | Reached skill level 5 in Axes
  3053 | D:3      | Reached ** piety under Trog
  3455 | D:3      | Noticed Grinder
  3478 | D:3      | Killed Grinder
  3479 | D:3      | Reached skill level 6 in Axes
  3479 | D:3      | Gained mutation: You have a pair of horns on your head.
                  | [demonic ancestry]
  3479 | D:3      | Reached XP level 5. HP: 18/41 MP: 5/5
  3479 | D:3      | Gained mutation: A weak demonic guardian rushes to your
                  | aid. [demonic ancestry]
  3479 | D:3      | Reached XP level 6. HP: 20/47 MP: 6/6
  4060 | D:4      | Found Xodd's Assorted Antiques.
  4086 | D:4      | Bought a slimy brass ring for 105 gold pieces
  4086 | D:4      | Identified the ring "Zoeselit" {*Slow rF+ rC+++ Str+8
                  | Dex-4} (You bought it in a shop on level 4 of the Dungeon)
  4263 | D:4      | Found an opulent altar of Gozag.
  4364 | D:4      | Noticed Edmund
  4371 | D:4      | Killed Edmund
  4372 | D:4      | Reached skill level 7 in Axes
  4394 | D:4      | Gained mutation: You regenerate magic rapidly. [demonic
                  | ancestry]
  4394 | D:4      | Reached XP level 7. HP: 23/52 MP: 7/7
  5275 | D:5      | Entered Level 5 of the Dungeon
  5456 | D:5      | Reached skill level 8 in Axes
  5586 | D:5      | Found a blossoming altar of Fedhas.
  5703 | D:5      | Noticed Pikel
  5722 | D:5      | Killed Pikel
  5723 | D:5      | Reached skill level 9 in Axes
  5723 | D:5      | Reached XP level 8. HP: 41/58 MP: 8/8
  5872 | D:5      | Noticed Ijyb
  5873 | D:5      | Found a staircase to the Ecumenical Temple.
  5873 | D:5      | Noticed Blork the orc
  5882 | D:5      | Killed Blork the orc
  5883 | D:5      | Reached skill level 10 in Axes
  5884 | D:5      | Killed Ijyb
  5892 | D:5      | Found a glowing drain.
  5905 | Sewer    | Entered a sewer
  6904 | D:6      | Reached skill level 1 in Shields
  6919 | D:6      | Reached skill level 11 in Axes
  6924 | D:6      | Reached *** piety under Trog
  6936 | D:6      | Gained mutation: A demonic guardian rushes to your aid.
                  | [demonic ancestry]
  6936 | D:6      | Reached XP level 9. HP: 52/63 MP: 9/9
  7236 | D:6      | Found Heptiwn's Magic Scroll Shop.
  7259 | D:6      | Bought a scroll of identify for 26 gold pieces
  7259 | D:6      | Bought a scroll of identify for 26 gold pieces
  7259 | D:6      | Bought 2 scrolls of identify for 52 gold pieces
  7959 | D:7      | Found a shadowy altar of Dithmenos.
  8166 | D:7      | Reached skill level 12 in Axes
  8337 | D:7      | Found a hide-covered altar of Uskayaw.
  8337 | D:7      | Found a radiant altar of Vehumet.
  8595 | D:8      | Noticed Grum
  8601 | D:8      | Slain by Grum

Illustrated notes

Levels and vault maps discovered:
D:1:      sevenhm_arrival_forest_fort_large_4, layout_loops_ring
D:2:      layout_loops_cross, ebering_ecumenical_altar_rust, skrybe_limestone_x
D:3:      layout_basic, tso_altar, eino_tiny_chamber, serial_bayou_lagoon_b,
          uniq_grinder
D:4:      layout_loops_cross, grunt_gozag_breadcrumbs, serial_shops,
          nicolae_shop_waterfront, uniq_edmund
D:5:      layout_rooms, fedhas_bush_and_centaur_altar,
          minmay_temple_entry_large_hall, portal_sewer_entry_b,
          nrook_mini_backslash, dk_rats_in_the_wall, uniq_ijyb, uniq_pikel,
          uniq_blork_the_orc
D:6:      layout_basic, serial_shops, kennysheep_little_box, moated_statue,
          kennysheep_generic_room_4
D:7:      layout_cave_pools, lemuel_tele_altar,
          mainiacjoe_overflow_small_starburst, gammafunk_temple_overflow_statue,
          serial_column_ruins, column_ruins_open_medium, column_ruins_columns_T,
          column_ruins_columns_straight, column_ruins_open_small
D:8:      layout_rooms, erik_lair_dragon, uniq_grum

Skill      XL: |  1  2  3  4  5  6  7  8  9 |
---------------+----------------------------+-----
Axes           | 3 4 6 7 9 11 12 | 12.5
Shields        | 1 |  1.4
Fighting       | |  3.0
Armour         | |  1.7
Dodging        | |  1.7

Action                   |  1- 3 |  4- 6 |  7- 9 || total
-------------------------+-------+-------+-------++-------
Melee: Hand axe          |    97 |    93 |   320 ||   510
       Headbutt          |    12 |    21 |    41 ||    74
       Punch             |       |     1 |       ||     1
Invok: Berserk           |     2 |     2 |     3 ||     7
       Trog's Hand       |       |     3 |     5 ||     8
  Use: Scroll            |     6 |     2 |    15 ||    23
       Potion            |       |     1 |       ||     1
 Stab: Sleeping          |     1 |     2 |       ||     3
       Distracted        |       |     1 |       ||     1
Armor: Animal skin       |     7 |    16 |       ||    23
       Plate armour      |       |    13 |   217 ||   230
Dodge: Dodged            |    55 |    55 |   117 ||   227
Block: Other             |       |       |    28 ||    28

Table legend: (Time is in decaauts)
 A = Elapsed time spent in this place.
 B = Non-inter-level travel time spent in this place.
 C = Inter-level travel time spent in this place.
 D = Time resting spent in this place.
 E = Time spent auto-exploring this place.
 F = Levels seen in this place.
 G = Mean time per level.
                   A        B        C        D        E       F      G
               +--------+--------+--------+--------+--------+-----+--------+
         Total |   8665 |   8564 |    101 |    777 |   6492 |   9 |  962.8 |
       Dungeon |   8259 |   8158 |    101 |    757 |   6182 |   8 | 1032.4 |
         Sewer |    405 |    405 |      0 |     20 |    309 |   1 |  405.0 |
               +--------+--------+--------+--------+--------+-----+--------+

Top non-repeatable levels by time:
     D:1: 1466 daAuts
     D:3: 1404 daAuts
     D:2: 1255 daAuts
     D:4: 1217 daAuts
     D:6: 1079 daAuts
     D:5: 1013 daAuts
     D:7: 734 daAuts
   Sewer: 405 daAuts
     D:8: 88 daAuts
